Hurricanes vs Penguins

Created - April-20-13 at 11:29

Goals
1 2 3 OT1 OT2 T
Hurricanes 0 2 1 0 1 4
Penguins 1 1 1 0 0 3
Shots
1 2 3 OT1 OT2 T
Hurricanes 6 6 7 3 1 23
Penguins 2 9 12 14 0 37

1st period

1. Penguins , Andrew Ladd 1 (Ryan Smyth) at 7:50

Penalties :
No Penalty

2nd period

2. Hurricanes , Sheldon Brookbank 1 (Anton Volchenkov) at 7:25
3. Penguins , Stephen Weiss 1 (Andrew Ladd, Nick Schultz) at 9:56
4. Hurricanes , Jarome Iginla 3 (Eric Staal, Anton Volchenkov) at 12:26

Penalties :
Adam Larsson (PIT) for High sticking (Minor) at 2:04, Kris Letang (PIT) for Hooking (Minor) at 18:20

3rd period

5. Penguins , John Tavares 3 (Kris Letang, Ryan Suter) at 12:31 (PP)
6. Hurricanes , Chad LaRose 1 (Jarome Iginla, Filip Kuba) at 13:54

Penalties :
Nick Schultz (PIT) for High sticking (Minor) at 2:53, Gabriel Landeskog (PIT) for Tripping (Minor) at 5:08, Sheldon Brookbank (CAR) for Roughing (Minor) at 7:52, Gabriel Landeskog (PIT) for Tripping (Minor) at 8:57, Maxim Lapierre (CAR) for Hooking (Minor) at 11:11

Overtime #1

No Goal

Penalties :
Joffrey Lupul (CAR) for Holding Stick (Minor) at 0:43, Gabriel Landeskog (PIT) for Roughing (Minor) at 2:21, Anton Volchenkov (CAR) for Holding (Minor) at 16:40

Overtime #2

7. Hurricanes , Jarome Iginla 4 (Eric Staal) at 0:04

Penalties :
No Penalty

Goalie Stats

Mike Smith (CAR), 34 saves from 37 shots - (0.919), W, 2-0-1, 80:05 minutes
Marc-Andre Fleury (PIT), 19 saves from 23 shots - (0.826), OTL, 1-1-1, 80:05 minutes

Players Stats for Hurricanes

Player Name              G  A  P  +/- PIM S  H  SB GA TA FO     MP     PP MP  PK MP  
------------------------------------------------------------------------------------
Anton Volchenkov         0  2  2   2  2   0  5  5  0  0  0/0    28:38   4:01   1:33 
Brandon McMillan         0  0  0   0  0   0  0  0  0  0  0/0     8:28   0:15   0:00 
Chad LaRose              1  0  1   2  0   2  2  0  0  0  2/3    25:44   4:51   0:00 
Daniel Winnik            0  0  0   1  0   1  1  0  0  0  1/3    15:10   0:00   3:04 
Darroll Powe             0  0  0   1  0   1  3  0  0  0  6/13   19:55   4:51   2:58 
Duncan Keith             0  0  0   1  0   2  2  1  0  0  0/0    34:06   6:05   3:58 
Eric Staal               0  2  2   2  0   1  0  0  0  0  15/24  22:00   0:15   0:31 
Filip Kuba               0  1  1   1  0   1  7  2  0  0  0/0    32:51   4:34   3:20 
Jarome Iginla            2  1  3   2  0   6  2  1  0  0  0/0    27:14   5:06   0:00 
Jason Chimera            0  0  0  -1  0   0  5  0  0  0  0/1    26:30   5:33   0:00 
Jeff Halpern             0  0  0   1  0   0  0  1  0  0  8/18   17:37   0:00   5:31 
Jesse Winchester         0  0  0   0  0   0  0  1  0  0  3/9     8:13   0:00   0:00 
Joffrey Lupul            0  0  0  -1  2   4  5  0  0  0  0/1    26:29   5:33   0:00 
Maxim Lapierre           0  0  0   0  2   1  1  0  0  0  1/1     8:12   0:00   0:00 
Patrik Elias             0  0  0  -1  0   3  0  0  0  0  13/25  27:24   5:33   0:00 
Ryan Wilson              0  0  0  -1  0   0  0  0  0  0  0/0    20:57   4:41   0:00 
Shane OBrien             0  0  0  -1  0   0  2  0  0  0  0/0    20:32   1:57   3:13 
Sheldon Brookbank        1  0  1   2  2   1  0  2  0  0  0/0    23:04   0:00   0:00 

Players Stats for Penguins

Player Name              G  A  P  +/- PIM S  H  SB GA TA FO     MP     PP MP  PK MP  
------------------------------------------------------------------------------------
Adam Larsson             0  0  0   0  2   0  1  1  0  0  0/0    18:21   0:00   0:32 
Alexander Edler          0  0  0   0  0   1  1  0  0  0  0/0    30:34   1:57   5:41 
Alexander Steen          0  0  0  -1  0   3  0  0  0  0  2/2    24:04   1:44   0:18 
Andrew Ladd              1  1  2   1  0   2  0  0  0  0  0/0    19:06   0:00   0:00 
Bobby Butler             0  0  0   0  0   0  0  0  0  0  0/0     0:00   0:00   0:00 
Cam Fowler               0  0  0   0  0   0  0  0  0  0  0/0     5:06   0:00   0:03 
David Perron             0  0  0  -2  0   5  1  1  0  0  1/2    26:34   4:18   0:00 
Gabriel Landeskog        0  0  0  -1  6   2  6  0  0  0  0/0    23:38   1:42   0:00 
Joe Pavelski             0  0  0  -1  0   3  0  0  0  0  12/27  24:21   1:44   0:35 
John Tavares             1  0  1  -2  0   2  0  0  0  0  20/36  26:34   4:18   0:00 
Kris Letang              0  1  1  -2  2   4  7  1  0  0  0/0    31:08   4:05   4:26 
Nick Leddy               0  0  0   0  0   1  0  1  0  0  0/0    24:36   1:57   4:46 
Nick Schultz             0  1  1   0  2   0  1  1  0  0  0/0    17:49   0:00   0:00 
Ryan Callahan            0  0  0  -2  0   6  6  0  0  0  0/1    31:27   4:18   6:03 
Ryan Smyth               0  1  1   2  0   2  0  1  0  0  1/1    17:59   0:00   4:18 
Ryan Suter               0  1  1  -2  0   1  0  1  0  0  0/0    32:33   4:05   5:50 
Stephen Weiss            1  0  1   1  0   5  1  0  0  0  9/20   24:52   0:00   5:46 
Zack Smith               0  0  0  -1  0   0  1  0  0  0  4/9     9:43   0:00   4:18 

3 Stars

1 - Jarome Iginla (CAR)
2 - Anton Volchenkov (CAR)
3 - Andrew Ladd (PIT)

Power Play

Hurricanes - 0 on 6 Attempt(s) - 0.00%
Penguins - 1 on 4 Attempt(s) - 25.00%

Penalty Kill

Hurricanes - 3 on 4 Attempt(s) - 75.00% - Score 0 goal in Penalty Kill
Penguins - 6 on 6 Attempt(s) - 100.00% - Score 0 goal in Penalty Kill

Official

Referees : Don VanMassenhoven and Matt MacPherson
Linesman : Bryan Pancich and Jean Morin

Game Notes

No Game Note

Finance

Level 1 -- Attendance: 6500 (100.00%) -- Ticket Income $728,000
Level 2 -- Attendance: 4888 (97.76%) -- Ticket Income $371,488
Level 3 -- Attendance: 3500 (100.00%) -- Ticket Income $168,000
Level 4 -- Attendance: 2087 (100.00%) -- Ticket Income $89,741
Luxury Box -- Attendance: 1000 (100.00%) -- Ticket Income $215,000
Game was played at the Consol Energy Center
Total Attendance: 17975 (99.38%)
Total Ticket Income: $1,572,229
Other Income: $235,834
Total Income: $1,808,063


% Time on Ice - Hurricanes

Lines # - Real PCT - Wanted PCT - Time Play
Normal Forward
1 - 34% - 35% - 20:53
2 - 34% - 35% - 20:57
3 - 19% - 20% - 12:06
4 - 13% - 10% - 8:13
Normal Defense
1 - 31% - 35% - 19:28
2 - 37% - 35% - 23:05
3 - 25% - 15% - 15:22
4 - 7% - 15% - 4:14
PP Forward
1 - 48% - 50% - 5:06
2 - 52% - 50% - 5:33
PP Defense
1 - 57% - 50% - 6:05
2 - 43% - 50% - 4:34
PK Forward
1 - 51% - 50% - 3:04
2 - 49% - 50% - 2:58
PK Defense
1 - 49% - 50% - 2:56
2 - 51% - 50% - 3:06
PK3 Forward
1 - 0% - 50%
2 - 0% - 50%
PK3 Defense
1 - 0% - 50%
2 - 0% - 50%
44 Forward
1 - 72% - 50% - 0:54
2 - 28% - 50% - 0:21
44 Defense
1 - 28% - 50% - 0:21
2 - 72% - 50% - 0:54
Last Minute Offensive  - 0:00
Last Minute Defensive  - 0:00
Total
Forward - 80:05
Defense - 80:05

% Time on Ice - Penguins

Lines # - Real PCT - Wanted PCT - Time Play
Normal Forward
1 - 34% - 38% - 21:06
2 - 35% - 32% - 21:57
3 - 22% - 20% - 13:41
4 - 9% - 10% - 5:25
Normal Defense
1 - 36% - 40% - 22:33
2 - 27% - 30% - 16:43
3 - 29% - 20% - 17:50
4 - 8% - 10% - 5:03
PP Forward
1 - 71% - 60% - 4:18
2 - 29% - 40% - 1:44
PP Defense
1 - 68% - 60% - 4:05
2 - 32% - 40% - 1:57
PK Forward
1 - 60% - 55% - 6:21
2 - 40% - 45% - 4:18
PK Defense
1 - 45% - 60% - 4:46
2 - 55% - 40% - 5:53
PK3 Forward
1 - 0% - 60%
2 - 0% - 40%
PK3 Defense
1 - 0% - 55%
2 - 0% - 45%
44 Forward
1 - 93% - 60% - 1:10
2 - 7% - 40% - 0:05
44 Defense
1 - 7% - 55% - 0:05
2 - 93% - 45% - 1:10
Last Minute Offensive  - 0:00
Last Minute Defensive  - 0:00
Total
Forward - 80:05
Defense - 80:05

Play by Play

1st period


0:01 of 1st period - Eric Staal wins face-off versus John Tavares in neutral zone.
1:49 of 1st period - Andrew Ladd is hit by Joffrey Lupul and loses puck.
3:55 of 1st period - Joe Pavelski is hit by Jason Chimera.
4:39 of 1st period - Icing by Adam Larsson.
4:40 of 1st period - Eric Staal wins face-off versus Zack Smith in Penguins zone.
4:48 of 1st period - Nick Schultz is hit by Chad LaRose and loses puck.
5:14 of 1st period - Adam Larsson is hit by Jarome Iginla and loses puck.
5:43 of 1st period - Shot by Darroll Powe.
5:43 of 1st period - Stopped by Marc-Andre Fleury with a rebound.
6:04 of 1st period - Shot by Ryan Callahan.
6:04 of 1st period - Shot Misses the Net.
6:06 of 1st period - Shot by Ryan Callahan.
6:06 of 1st period - Shot Misses the Net.
6:23 of 1st period - Icing by Duncan Keith.
6:24 of 1st period - Alexander Steen wins face-off versus Jeff Halpern in Hurricanes zone.
6:24 of 1st period - Alexander Steen is hit by Filip Kuba.
6:42 of 1st period - Joe Pavelski is hit by Darroll Powe and loses puck.
7:05 of 1st period - Shot by Joffrey Lupul.
7:05 of 1st period - Stopped by Marc-Andre Fleury without a rebound.
7:06 of 1st period - Eric Staal wins face-off versus Stephen Weiss in Penguins zone.
7:27 of 1st period - Shot by Jarome Iginla.
7:27 of 1st period - Stopped by Marc-Andre Fleury without a rebound.
7:28 of 1st period - John Tavares wins face-off versus Patrik Elias in Penguins zone.
7:28 of 1st period - John Tavares is hit by Jason Chimera.
7:31 of 1st period - Icing by Adam Larsson.
7:32 of 1st period - John Tavares wins face-off versus Patrik Elias in Penguins zone.
7:32 of 1st period - John Tavares is hit by Jason Chimera.
7:44 of 1st period - Shot by John Tavares.
7:44 of 1st period - Stopped by Mike Smith without a rebound.
7:45 of 1st period - Eric Staal wins face-off versus Stephen Weiss in Hurricanes zone.
7:45 of 1st period - Jarome Iginla is hit by Stephen Weiss and loses puck.
7:50 of 1st period - Shot by Andrew Ladd.
7:50 of 1st period - Goal by Andrew Ladd - Hurricanes : 0 - Penguins : 1.
7:51 of 1st period - Patrik Elias wins face-off versus Stephen Weiss in neutral zone.
7:54 of 1st period - Shot by Sheldon Brookbank.
7:54 of 1st period - Shot Misses the Net.
7:57 of 1st period - Jason Chimera is hit by Kris Letang and loses puck.
8:09 of 1st period - Patrik Elias is hit by Kris Letang and loses puck.
8:16 of 1st period - Shot by Joffrey Lupul.
8:16 of 1st period - Stopped by Marc-Andre Fleury without a rebound.
8:17 of 1st period - Eric Staal wins face-off versus John Tavares in Penguins zone.
8:18 of 1st period - Shot by Jarome Iginla.
8:18 of 1st period - Shot Misses the Net.
9:22 of 1st period - John Tavares is hit by Joffrey Lupul and loses puck.
9:33 of 1st period - Shot by Patrik Elias.
9:33 of 1st period - Shot Misses the Net.
10:17 of 1st period - Shot by Maxim Lapierre.
10:17 of 1st period - Stopped by Marc-Andre Fleury without a rebound.
10:18 of 1st period - Stephen Weiss wins face-off versus Jeff Halpern in Penguins zone.
12:00 of 1st period - Shot by Joe Pavelski.
12:00 of 1st period - Shot Misses the Net.
12:30 of 1st period - Shot by Ryan Callahan.
12:30 of 1st period - Shot Blocked by Anton Volchenkov.
13:40 of 1st period - Shot by Gabriel Landeskog.
13:40 of 1st period - Shot Misses the Net.
13:55 of 1st period - Joe Pavelski is hit by Anton Volchenkov and loses puck.
15:25 of 1st period - Shot by Jarome Iginla.
15:25 of 1st period - Shot Misses the Net.
16:10 of 1st period - Off-side.
16:11 of 1st period - Jesse Winchester wins face-off versus John Tavares in neutral zone.
16:47 of 1st period - Icing by Shane OBrien.
16:48 of 1st period - Maxim Lapierre wins face-off versus Joe Pavelski in Hurricanes zone.
16:48 of 1st period - Maxim Lapierre is hit by Gabriel Landeskog.
16:59 of 1st period - Icing by Ryan Suter.
17:00 of 1st period - Jeff Halpern wins face-off versus Joe Pavelski in Penguins zone.
17:33 of 1st period - Kris Letang is hit by Filip Kuba and loses puck.
18:08 of 1st period - Shot by Chad LaRose.
18:08 of 1st period - Stopped by Marc-Andre Fleury without a rebound.
18:09 of 1st period - John Tavares wins face-off versus Jesse Winchester in Penguins zone.
18:53 of 1st period - Off-side.
18:54 of 1st period - Stephen Weiss wins face-off versus Eric Staal in neutral zone.
19:31 of 1st period - Icing by Adam Larsson.
19:32 of 1st period - Stephen Weiss wins face-off versus Jeff Halpern in Penguins zone.

2nd period


0:01 of 2nd period - David Perron wins face-off versus Patrik Elias in neutral zone.
0:24 of 2nd period - Shot by John Tavares.
0:24 of 2nd period - Shot Blocked by Duncan Keith.
0:26 of 2nd period - Shot by Kris Letang.
0:26 of 2nd period - Stopped by Mike Smith without a rebound.
0:27 of 2nd period - Eric Staal wins face-off versus Joe Pavelski in Hurricanes zone.
0:48 of 2nd period - Shot by Joe Pavelski.
0:48 of 2nd period - Shot Blocked by Anton Volchenkov.
0:50 of 2nd period - Shot by Joe Pavelski.
0:50 of 2nd period - Shot Blocked by Anton Volchenkov.
0:52 of 2nd period - Shot by Joe Pavelski.
0:52 of 2nd period - Shot Misses the Net.
0:54 of 2nd period - Shot by Alexander Edler.
0:54 of 2nd period - Shot Blocked by Jarome Iginla.
0:58 of 2nd period - Shot by Gabriel Landeskog.
0:58 of 2nd period - Stopped by Mike Smith with a rebound.
2:03 of 2nd period - Shot by Joffrey Lupul.
2:03 of 2nd period - Stopped by Marc-Andre Fleury without a rebound.
2:04 of 2nd period - Jeff Halpern wins face-off versus Zack Smith in Penguins zone.
2:04 of 2nd period - Minor Penalty to Adam Larsson for High sticking.
2:05 of 2nd period - Stephen Weiss wins face-off versus Patrik Elias in Penguins zone.
2:05 of 2nd period - Stephen Weiss is hit by Joffrey Lupul.
3:44 of 2nd period - Shot by Jarome Iginla.
3:44 of 2nd period - Shot Misses the Net.
4:03 of 2nd period - Off-side.
4:04 of 2nd period - Joe Pavelski wins face-off versus Jesse Winchester in neutral zone.
5:33 of 2nd period - Icing by Shane OBrien.
5:34 of 2nd period - John Tavares wins face-off versus Joffrey Lupul in Hurricanes zone.
5:35 of 2nd period - Shot by Ryan Callahan.
5:35 of 2nd period - Stopped by Mike Smith without a rebound.
5:36 of 2nd period - John Tavares wins face-off versus Eric Staal in Hurricanes zone.
5:49 of 2nd period - Shot by David Perron.
5:49 of 2nd period - Shot Misses the Net.
5:51 of 2nd period - Shot by Ryan Suter.
5:51 of 2nd period - Stopped by Mike Smith with a rebound.
6:12 of 2nd period - Icing by Ryan Suter.
6:13 of 2nd period - Patrik Elias wins face-off versus John Tavares in Penguins zone.
6:13 of 2nd period - Patrik Elias is hit by Kris Letang.
7:25 of 2nd period - Shot by Sheldon Brookbank.
7:25 of 2nd period - Goal by Sheldon Brookbank - Hurricanes : 1 - Penguins : 1.
7:26 of 2nd period - Joe Pavelski wins face-off versus Eric Staal in neutral zone.
7:32 of 2nd period - Off-side.
7:33 of 2nd period - Eric Staal wins face-off versus Joe Pavelski in neutral zone.
7:44 of 2nd period - Shot by Eric Staal.
7:44 of 2nd period - Shot Misses the Net.
7:46 of 2nd period - Shot by Shane OBrien.
7:46 of 2nd period - Shot Misses the Net.
8:31 of 2nd period - Icing by Shane OBrien.
8:32 of 2nd period - John Tavares wins face-off versus Eric Staal in Hurricanes zone.
9:27 of 2nd period - Shot by Stephen Weiss.
9:27 of 2nd period - Shot Misses the Net.
9:50 of 2nd period - Shot by Stephen Weiss.
9:50 of 2nd period - Shot Misses the Net.
9:52 of 2nd period - Shot by Nick Schultz.
9:52 of 2nd period - Shot Blocked by Filip Kuba.
9:54 of 2nd period - Shot by Andrew Ladd.
9:54 of 2nd period - Shot Misses the Net.
9:56 of 2nd period - Shot by Stephen Weiss.
9:56 of 2nd period - Goal by Stephen Weiss - Hurricanes : 1 - Penguins : 2.
9:57 of 2nd period - Joe Pavelski wins face-off versus Jeff Halpern in neutral zone.
10:10 of 2nd period - Ryan Suter is hit by Darroll Powe and loses puck.
11:12 of 2nd period - Icing by Nick Leddy.
11:13 of 2nd period - John Tavares wins face-off versus Jesse Winchester in Penguins zone.
11:17 of 2nd period - Off-side.
11:18 of 2nd period - Eric Staal wins face-off versus John Tavares in neutral zone.
11:30 of 2nd period - Shot by Eric Staal.
11:30 of 2nd period - Deflect By Jarome Iginla.
11:30 of 2nd period - Stopped by Marc-Andre Fleury without a rebound.
11:31 of 2nd period - Stephen Weiss wins face-off versus Patrik Elias in Penguins zone.
11:35 of 2nd period - Nick Leddy is hit by Filip Kuba and loses puck.
11:49 of 2nd period - Stephen Weiss is hit by Filip Kuba and loses puck.
11:54 of 2nd period - Shot by Stephen Weiss.
11:54 of 2nd period - Stopped by Mike Smith without a rebound.
11:55 of 2nd period - John Tavares wins face-off versus Eric Staal in Hurricanes zone.
12:26 of 2nd period - Shot by Jarome Iginla.
12:26 of 2nd period - Goal by Jarome Iginla - Hurricanes : 2 - Penguins : 2.
12:27 of 2nd period - Stephen Weiss wins face-off versus Patrik Elias in neutral zone.
12:32 of 2nd period - Icing by Duncan Keith.
12:33 of 2nd period - Stephen Weiss wins face-off versus Patrik Elias in Hurricanes zone.
12:33 of 2nd period - Alexander Edler is hit by Filip Kuba.
13:09 of 2nd period - Shot by Patrik Elias.
13:09 of 2nd period - Stopped by Marc-Andre Fleury without a rebound.
13:10 of 2nd period - John Tavares wins face-off versus Eric Staal in Penguins zone.
13:10 of 2nd period - John Tavares is hit by Chad LaRose.
13:27 of 2nd period - Icing by Anton Volchenkov.
13:28 of 2nd period - Eric Staal wins face-off versus Joe Pavelski in Hurricanes zone.
14:22 of 2nd period - Ryan Callahan is hit by Jarome Iginla and loses puck.
14:41 of 2nd period - Duncan Keith is hit by Kris Letang and loses puck.
15:01 of 2nd period - David Perron is hit by Filip Kuba.
15:03 of 2nd period - Shot by Ryan Callahan.
15:03 of 2nd period - Stopped by Mike Smith with a rebound.
15:47 of 2nd period - Shot by Nick Leddy.
15:47 of 2nd period - Shot Misses the Net.
15:53 of 2nd period - Shot by Stephen Weiss.
15:53 of 2nd period - Shot Misses the Net.
15:55 of 2nd period - Shot by Nick Leddy.
15:55 of 2nd period - Deflect By Stephen Weiss.
15:55 of 2nd period - Shot Blocked by Jeff Halpern.
15:57 of 2nd period - Shot by Nick Leddy.
15:57 of 2nd period - Stopped by Mike Smith without a rebound.
15:58 of 2nd period - Joe Pavelski wins face-off versus Jesse Winchester in Hurricanes zone.
15:58 of 2nd period - Gabriel Landeskog is hit by Filip Kuba.
17:00 of 2nd period - Shot by Stephen Weiss.
17:00 of 2nd period - Stopped by Mike Smith without a rebound.
17:01 of 2nd period - Zack Smith wins face-off versus Jason Chimera in Hurricanes zone.
17:23 of 2nd period - Alexander Edler is hit by Shane OBrien and loses puck.
17:31 of 2nd period - Icing by Cam Fowler.
17:32 of 2nd period - Eric Staal wins face-off versus Zack Smith in Penguins zone.
17:52 of 2nd period - Shot by Jarome Iginla.
17:52 of 2nd period - Shot Misses the Net.
17:56 of 2nd period - Shot by Jarome Iginla.
17:56 of 2nd period - Shot Misses the Net.
17:58 of 2nd period - Shot by Jarome Iginla.
17:58 of 2nd period - Stopped by Marc-Andre Fleury without a rebound.
17:59 of 2nd period - John Tavares wins face-off versus Jeff Halpern in Penguins zone.
18:09 of 2nd period - Icing by Filip Kuba.
18:10 of 2nd period - Alexander Steen wins face-off versus Jeff Halpern in Hurricanes zone.
18:10 of 2nd period - Kris Letang is hit by Duncan Keith and loses puck.
18:20 of 2nd period - Minor Penalty to Kris Letang for Hooking.
18:21 of 2nd period - Patrik Elias wins face-off versus Stephen Weiss in Penguins zone.
18:38 of 2nd period - Shot by Duncan Keith.
18:38 of 2nd period - Shot Misses the Net.
19:42 of 2nd period - Icing by Anton Volchenkov.
19:43 of 2nd period - Darroll Powe wins face-off versus Zack Smith in Hurricanes zone.

3rd period


0:01 of 3rd period - Stephen Weiss wins face-off versus Darroll Powe in neutral zone.
0:26 of 3rd period - Shot by Joffrey Lupul.
0:26 of 3rd period - Deflect By Patrik Elias.
0:26 of 3rd period - Stopped by Marc-Andre Fleury without a rebound.
0:27 of 3rd period - Joe Pavelski wins face-off versus Patrik Elias in Penguins zone.
0:37 of 3rd period - Joffrey Lupul is hit by Gabriel Landeskog and loses puck.
1:49 of 3rd period - Icing by Eric Staal.
1:50 of 3rd period - John Tavares wins face-off versus Eric Staal in Hurricanes zone.
2:03 of 3rd period - Shot by John Tavares.
2:03 of 3rd period - Deflect By Ryan Callahan.
2:03 of 3rd period - Shot Misses the Net.
2:06 of 3rd period - Icing by Anton Volchenkov.
2:07 of 3rd period - Stephen Weiss wins face-off versus Eric Staal in Hurricanes zone.
2:43 of 3rd period - Ryan Smyth is hit by Darroll Powe and loses puck.
2:53 of 3rd period - Minor Penalty to Nick Schultz for High sticking.
2:54 of 3rd period - Patrik Elias wins face-off versus Stephen Weiss in Penguins zone.
5:08 of 3rd period - Minor Penalty to Gabriel Landeskog for Tripping.
5:09 of 3rd period - Zack Smith wins face-off versus Patrik Elias in Penguins zone.
6:05 of 3rd period - Shot by Filip Kuba.
6:05 of 3rd period - Shot Misses the Net.
6:07 of 3rd period - Shot by Shane OBrien.
6:07 of 3rd period - Shot Blocked by Kris Letang.
6:09 of 3rd period - Shot by Shane OBrien.
6:09 of 3rd period - Shot Misses the Net.
6:11 of 3rd period - Shot by Darroll Powe.
6:11 of 3rd period - Shot Blocked by Ryan Smyth.
7:09 of 3rd period - Shot by Gabriel Landeskog.
7:09 of 3rd period - Shot Blocked by Jesse Winchester.
7:11 of 3rd period - Shot by Joe Pavelski.
7:11 of 3rd period - Stopped by Mike Smith without a rebound.
7:12 of 3rd period - Jesse Winchester wins face-off versus Joe Pavelski in Hurricanes zone.
7:52 of 3rd period - Minor Penalty to Sheldon Brookbank for Roughing.
7:53 of 3rd period - John Tavares wins face-off versus Daniel Winnik in Hurricanes zone.
8:29 of 3rd period - Shot by Alexander Edler.
8:29 of 3rd period - Shot Blocked by Anton Volchenkov.
8:31 of 3rd period - Shot by David Perron.
8:31 of 3rd period - Stopped by Mike Smith without a rebound.
8:32 of 3rd period - Darroll Powe wins face-off versus Joe Pavelski in Hurricanes zone.
8:32 of 3rd period - Darroll Powe is hit by Gabriel Landeskog.
8:57 of 3rd period - Minor Penalty to Gabriel Landeskog for Tripping.
8:58 of 3rd period - Patrik Elias wins face-off versus John Tavares in Penguins zone.
9:49 of 3rd period - Icing by Ryan Wilson.
9:50 of 3rd period - Patrik Elias wins face-off versus Joe Pavelski in Hurricanes zone.
10:06 of 3rd period - Shane OBrien is hit by Ryan Callahan and loses puck.
10:17 of 3rd period - Shot by Jarome Iginla.
10:17 of 3rd period - Shot Misses the Net.
10:19 of 3rd period - Shot by Jarome Iginla.
10:19 of 3rd period - Deflect By Chad LaRose.
10:19 of 3rd period - Shot Misses the Net.
10:21 of 3rd period - Shot by Duncan Keith.
10:21 of 3rd period - Shot Misses the Net.
10:23 of 3rd period - Shot by Duncan Keith.
10:23 of 3rd period - Stopped by Marc-Andre Fleury without a rebound.
10:24 of 3rd period - Zack Smith wins face-off versus Patrik Elias in Penguins zone.
10:30 of 3rd period - Icing by Anton Volchenkov.
10:31 of 3rd period - Patrik Elias wins face-off versus Stephen Weiss in Hurricanes zone.
10:38 of 3rd period - Shot by Filip Kuba.
10:38 of 3rd period - Stopped by Marc-Andre Fleury without a rebound.
10:39 of 3rd period - Patrik Elias wins face-off versus Stephen Weiss in Penguins zone.
10:52 of 3rd period - Shot by Joffrey Lupul.
10:52 of 3rd period - Deflect By Patrik Elias.
10:52 of 3rd period - Stopped by Marc-Andre Fleury with a rebound.
10:54 of 3rd period - Shot by Joffrey Lupul.
10:54 of 3rd period - Stopped by Marc-Andre Fleury without a rebound.
10:55 of 3rd period - Zack Smith wins face-off versus Darroll Powe in Penguins zone.
11:11 of 3rd period - Minor Penalty to Maxim Lapierre for Hooking.
11:12 of 3rd period - John Tavares wins face-off versus Darroll Powe in Hurricanes zone.
11:13 of 3rd period - Shot by Kris Letang.
11:13 of 3rd period - Shot Blocked by Filip Kuba.
11:15 of 3rd period - Shot by John Tavares.
11:15 of 3rd period - Shot Misses the Net.
11:32 of 3rd period - Shot by Ryan Callahan.
11:32 of 3rd period - Stopped by Mike Smith without a rebound.
11:33 of 3rd period - Joe Pavelski wins face-off versus Darroll Powe in Hurricanes zone.
11:47 of 3rd period - Shot by Alexander Edler.
11:47 of 3rd period - Shot Misses the Net.
11:49 of 3rd period - Shot by Gabriel Landeskog.
11:49 of 3rd period - Stopped by Mike Smith without a rebound.
11:50 of 3rd period - Jeff Halpern wins face-off versus John Tavares in Hurricanes zone.
12:17 of 3rd period - Shot by Kris Letang.
12:17 of 3rd period - Shot Misses the Net.
12:19 of 3rd period - Shot by Kris Letang.
12:19 of 3rd period - Shot Misses the Net.
12:29 of 3rd period - Shot by Kris Letang.
12:29 of 3rd period - Shot Misses the Net.
12:31 of 3rd period - Shot by John Tavares.
12:31 of 3rd period - Goal by John Tavares - Hurricanes : 2 - Penguins : 3.
12:32 of 3rd period - Patrik Elias wins face-off versus Stephen Weiss in neutral zone.
13:05 of 3rd period - Shot by Stephen Weiss.
13:05 of 3rd period - Shot Misses the Net.
13:07 of 3rd period - Shot by Ryan Smyth.
13:07 of 3rd period - Stopped by Mike Smith with a rebound.
13:09 of 3rd period - Shot by Nick Leddy.
13:09 of 3rd period - Deflect By Stephen Weiss.
13:09 of 3rd period - Stopped by Mike Smith with a rebound.
13:11 of 3rd period - Shot by Ryan Smyth.
13:11 of 3rd period - Shot Misses the Net.
13:13 of 3rd period - Shot by Stephen Weiss.
13:13 of 3rd period - Stopped by Mike Smith with a rebound.
13:38 of 3rd period - Icing by Nick Schultz.
13:39 of 3rd period - Eric Staal wins face-off versus Joe Pavelski in Penguins zone.
13:54 of 3rd period - Shot by Jarome Iginla.
13:54 of 3rd period - Deflect By Chad LaRose.
13:54 of 3rd period - Goal by Chad LaRose - Hurricanes : 3 - Penguins : 3.
13:55 of 3rd period - John Tavares wins face-off versus Jeff Halpern in neutral zone.
14:13 of 3rd period - Shane OBrien is hit by Ryan Callahan and loses puck.
14:20 of 3rd period - Icing by Darroll Powe.
14:21 of 3rd period - Daniel Winnik wins face-off versus Stephen Weiss in Hurricanes zone.
14:42 of 3rd period - Shot by Andrew Ladd.
14:42 of 3rd period - Stopped by Mike Smith without a rebound.
14:43 of 3rd period - Patrik Elias wins face-off versus David Perron in Hurricanes zone.
15:17 of 3rd period - Shot by Patrik Elias.
15:17 of 3rd period - Shot Misses the Net.
15:31 of 3rd period - Duncan Keith is hit by Ryan Callahan and loses puck.
16:29 of 3rd period - Shot by Ryan Smyth.
16:29 of 3rd period - Shot Misses the Net.
16:31 of 3rd period - Shot by Andrew Ladd.
16:31 of 3rd period - Shot Misses the Net.
16:33 of 3rd period - Shot by Ryan Smyth.
16:33 of 3rd period - Stopped by Mike Smith without a rebound.
16:34 of 3rd period - Joe Pavelski wins face-off versus Daniel Winnik in Hurricanes zone.
16:45 of 3rd period - Joe Pavelski is hit by Daniel Winnik and loses puck.
16:53 of 3rd period - Icing by Nick Schultz.
16:54 of 3rd period - Jesse Winchester wins face-off versus Joe Pavelski in Penguins zone.
16:57 of 3rd period - Shot by Jesse Winchester.
16:57 of 3rd period - Shot Misses the Net.
17:53 of 3rd period - Shot by David Perron.
17:53 of 3rd period - Stopped by Mike Smith with a rebound.
17:55 of 3rd period - Shot by Ryan Callahan.
17:55 of 3rd period - Stopped by Mike Smith with a rebound.
18:15 of 3rd period - Kris Letang is hit by Jason Chimera and loses puck.
18:50 of 3rd period - Alexander Edler is hit by Jason Chimera and loses puck.
19:35 of 3rd period - Shot by Eric Staal.
19:35 of 3rd period - Stopped by Marc-Andre Fleury without a rebound.
19:36 of 3rd period - Joe Pavelski wins face-off versus Jeff Halpern in Penguins zone.
19:51 of 3rd period - Joe Pavelski is hit by Duncan Keith and loses puck.

Overtime #1


0:01 of 1st overtime period - Eric Staal wins face-off versus John Tavares in neutral zone.
0:14 of 1st overtime period - Shot by David Perron.
0:14 of 1st overtime period - Shot Misses the Net.
0:16 of 1st overtime period - Shot by Kris Letang.
0:16 of 1st overtime period - Stopped by Mike Smith without a rebound.
0:17 of 1st overtime period - Patrik Elias wins face-off versus Joe Pavelski in Hurricanes zone.
0:43 of 1st overtime period - Minor Penalty to Joffrey Lupul for Holding Stick.
0:44 of 1st overtime period - John Tavares wins face-off versus Jeff Halpern in Hurricanes zone.
1:17 of 1st overtime period - Shot by David Perron.
1:17 of 1st overtime period - Stopped by Mike Smith with a rebound.
1:19 of 1st overtime period - Shot by Ryan Callahan.
1:19 of 1st overtime period - Shot Misses the Net.
1:21 of 1st overtime period - Shot by Kris Letang.
1:21 of 1st overtime period - Stopped by Mike Smith without a rebound.
1:22 of 1st overtime period - Joe Pavelski wins face-off versus Darroll Powe in Hurricanes zone.
1:24 of 1st overtime period - Alexander Steen is hit by Anton Volchenkov and loses puck.
1:29 of 1st overtime period - Shot by Joe Pavelski.
1:29 of 1st overtime period - Stopped by Mike Smith without a rebound.
1:30 of 1st overtime period - Joe Pavelski wins face-off versus Jeff Halpern in Hurricanes zone.
1:39 of 1st overtime period - Shot by Alexander Steen.
1:39 of 1st overtime period - Stopped by Mike Smith without a rebound.
1:40 of 1st overtime period - Jeff Halpern wins face-off versus John Tavares in Hurricanes zone.
1:40 of 1st overtime period - Jeff Halpern is hit by Ryan Callahan.
1:58 of 1st overtime period - Jeff Halpern is hit by Ryan Callahan and loses puck.
2:09 of 1st overtime period - Shot by Ryan Suter.
2:09 of 1st overtime period - Shot Misses the Net.
2:11 of 1st overtime period - Shot by Ryan Suter.
2:11 of 1st overtime period - Shot Blocked by Anton Volchenkov.
2:19 of 1st overtime period - Shot by Ryan Callahan.
2:19 of 1st overtime period - Stopped by Mike Smith without a rebound.
2:20 of 1st overtime period - Darroll Powe wins face-off versus Joe Pavelski in Hurricanes zone.
2:20 of 1st overtime period - Duncan Keith is hit by Gabriel Landeskog and loses puck.
2:21 of 1st overtime period - Minor Penalty to Gabriel Landeskog for Roughing.
2:22 of 1st overtime period - Eric Staal wins face-off versus John Tavares in Penguins zone.
2:55 of 1st overtime period - Duncan Keith is hit by Kris Letang.
3:00 of 1st overtime period - Joffrey Lupul is hit by Kris Letang and loses puck.
4:30 of 1st overtime period - Adam Larsson is hit by Shane OBrien and loses puck.
5:17 of 1st overtime period - Shot by Patrik Elias.
5:17 of 1st overtime period - Shot Blocked by Nick Schultz.
5:19 of 1st overtime period - Shot by Joffrey Lupul.
5:19 of 1st overtime period - Shot Misses the Net.
5:34 of 1st overtime period - Off-side.
5:35 of 1st overtime period - John Tavares wins face-off versus Eric Staal in neutral zone.
7:08 of 1st overtime period - Icing by Jeff Halpern.
7:09 of 1st overtime period - Jeff Halpern wins face-off versus Zack Smith in Hurricanes zone.
7:46 of 1st overtime period - Shot by Andrew Ladd.
7:46 of 1st overtime period - Shot Blocked by Sheldon Brookbank.
8:02 of 1st overtime period - Shot by Patrik Elias.
8:02 of 1st overtime period - Shot Blocked by Adam Larsson.
8:13 of 1st overtime period - Icing by Joffrey Lupul.
8:14 of 1st overtime period - Patrik Elias wins face-off versus Joe Pavelski in Hurricanes zone.
8:14 of 1st overtime period - Patrik Elias is hit by Gabriel Landeskog.
8:22 of 1st overtime period - Icing by Sheldon Brookbank.
8:23 of 1st overtime period - Patrik Elias wins face-off versus John Tavares in Hurricanes zone.
8:23 of 1st overtime period - Patrik Elias is hit by David Perron.
8:36 of 1st overtime period - Icing by John Tavares.
8:37 of 1st overtime period - Eric Staal wins face-off versus John Tavares in Penguins zone.
8:46 of 1st overtime period - Shot by Eric Staal.
8:46 of 1st overtime period - Shot Blocked by David Perron.
8:48 of 1st overtime period - Shot by Jarome Iginla.
8:48 of 1st overtime period - Deflect By Eric Staal.
8:48 of 1st overtime period - Shot Misses the Net.
8:50 of 1st overtime period - Shot by Filip Kuba.
8:50 of 1st overtime period - Shot Misses the Net.
8:52 of 1st overtime period - Shot by Jarome Iginla.
8:52 of 1st overtime period - Shot Misses the Net.
9:06 of 1st overtime period - Shot by Eric Staal.
9:06 of 1st overtime period - Deflect By Jarome Iginla.
9:06 of 1st overtime period - Stopped by Marc-Andre Fleury without a rebound.
9:07 of 1st overtime period - Jeff Halpern wins face-off versus Stephen Weiss in Penguins zone.
9:18 of 1st overtime period - Shot by Jeff Halpern.
9:18 of 1st overtime period - Deflect By Daniel Winnik.
9:18 of 1st overtime period - Stopped by Marc-Andre Fleury without a rebound.
9:19 of 1st overtime period - Joe Pavelski wins face-off versus Jesse Winchester in Penguins zone.
9:19 of 1st overtime period - Joe Pavelski is hit by Maxim Lapierre.
9:42 of 1st overtime period - Shot by Duncan Keith.
9:42 of 1st overtime period - Shot Misses the Net.
9:44 of 1st overtime period - Shot by Duncan Keith.
9:44 of 1st overtime period - Stopped by Marc-Andre Fleury without a rebound.
9:45 of 1st overtime period - Chad LaRose wins face-off versus John Tavares in Penguins zone.
10:06 of 1st overtime period - Shot by Jarome Iginla.
10:06 of 1st overtime period - Shot Blocked by Ryan Suter.
10:33 of 1st overtime period - David Perron is hit by Anton Volchenkov and loses puck.
11:04 of 1st overtime period - Shot by Joffrey Lupul.
11:04 of 1st overtime period - Shot Misses the Net.
11:10 of 1st overtime period - Shot by Patrik Elias.
11:10 of 1st overtime period - Shot Misses the Net.
11:12 of 1st overtime period - Shot by Patrik Elias.
11:12 of 1st overtime period - Shot Misses the Net.
11:14 of 1st overtime period - Shot by Patrik Elias.
11:14 of 1st overtime period - Shot Misses the Net.
11:30 of 1st overtime period - Shot by Joffrey Lupul.
11:30 of 1st overtime period - Shot Blocked by Nick Leddy.
11:47 of 1st overtime period - Icing by Alexander Edler.
11:48 of 1st overtime period - Jeff Halpern wins face-off versus Stephen Weiss in Penguins zone.
11:48 of 1st overtime period - Jeff Halpern is hit by Alexander Edler.
12:38 of 1st overtime period - Ryan Wilson is hit by Kris Letang and loses puck.
14:07 of 1st overtime period - Duncan Keith is hit by Zack Smith and loses puck.
14:13 of 1st overtime period - Off-side.
14:14 of 1st overtime period - Joe Pavelski wins face-off versus Patrik Elias in neutral zone.
14:35 of 1st overtime period - Joe Pavelski is hit by Joffrey Lupul and loses puck.
14:49 of 1st overtime period - Shot by Joe Pavelski.
14:49 of 1st overtime period - Shot Misses the Net.
14:51 of 1st overtime period - Shot by Joe Pavelski.
14:51 of 1st overtime period - Deflect By Alexander Steen.
14:51 of 1st overtime period - Stopped by Mike Smith without a rebound.
14:52 of 1st overtime period - John Tavares wins face-off versus Jesse Winchester in Hurricanes zone.
14:53 of 1st overtime period - Shot by David Perron.
14:53 of 1st overtime period - Shot Misses the Net.
15:06 of 1st overtime period - Icing by Adam Larsson.
15:07 of 1st overtime period - John Tavares wins face-off versus Chad LaRose in Penguins zone.
15:14 of 1st overtime period - Shot by Ryan Callahan.
15:14 of 1st overtime period - Shot Misses the Net.
15:16 of 1st overtime period - Shot by David Perron.
15:16 of 1st overtime period - Stopped by Mike Smith without a rebound.
15:17 of 1st overtime period - Ryan Smyth wins face-off versus Patrik Elias in Hurricanes zone.
15:28 of 1st overtime period - Ryan Smyth is hit by Joffrey Lupul and loses puck.
16:14 of 1st overtime period - Off-side.
16:15 of 1st overtime period - Chad LaRose wins face-off versus John Tavares in neutral zone.
16:26 of 1st overtime period - Alexander Edler is hit by Anton Volchenkov and loses puck.
16:40 of 1st overtime period - Minor Penalty to Anton Volchenkov for Holding.
16:41 of 1st overtime period - Darroll Powe wins face-off versus Joe Pavelski in Hurricanes zone.
16:41 of 1st overtime period - Darroll Powe is hit by Gabriel Landeskog.
17:01 of 1st overtime period - Shot by Alexander Steen.
17:01 of 1st overtime period - Stopped by Mike Smith without a rebound.
17:02 of 1st overtime period - John Tavares wins face-off versus Darroll Powe in Hurricanes zone.
17:03 of 1st overtime period - Shot by Ryan Callahan.
17:03 of 1st overtime period - Stopped by Mike Smith without a rebound.
17:04 of 1st overtime period - John Tavares wins face-off versus Darroll Powe in Hurricanes zone.
17:05 of 1st overtime period - Shot by Kris Letang.
17:05 of 1st overtime period - Stopped by Mike Smith without a rebound.
17:06 of 1st overtime period - Darroll Powe wins face-off versus Ryan Callahan in Hurricanes zone.
17:06 of 1st overtime period - Darroll Powe is hit by Ryan Callahan.
17:28 of 1st overtime period - Shot by David Perron.
17:28 of 1st overtime period - Stopped by Mike Smith without a rebound.
17:29 of 1st overtime period - Darroll Powe wins face-off versus Joe Pavelski in Hurricanes zone.
17:48 of 1st overtime period - Shot by Alexander Edler.
17:48 of 1st overtime period - Stopped by Mike Smith without a rebound.
17:49 of 1st overtime period - Jeff Halpern wins face-off versus John Tavares in Hurricanes zone.
19:09 of 1st overtime period - Joe Pavelski is hit by Anton Volchenkov and loses puck.
19:16 of 1st overtime period - Shot by Joe Pavelski.
19:16 of 1st overtime period - Shot Blocked by Sheldon Brookbank.
19:18 of 1st overtime period - Shot by Joe Pavelski.
19:18 of 1st overtime period - Stopped by Mike Smith with a rebound.
19:35 of 1st overtime period - Anton Volchenkov is hit by Nick Schultz and loses puck.
19:51 of 1st overtime period - Eric Staal is hit by Adam Larsson and loses puck.

Overtime #2


0:01 of 2nd overtime period - Eric Staal wins face-off versus John Tavares in neutral zone.
0:04 of 2nd overtime period - Shot by Jarome Iginla.
0:04 of 2nd overtime period - Goal by Jarome Iginla - Hurricanes : 4 - Penguins : 3.


Output by the SimonT Hockey Simulator (STHS) for Stephane Roy -- Original Page W3C XHTML 1.0 Valid
Hockey Simulator - Hockey Simulation - Hockey Manager